 Dungeon Crawl Stone Soup version 0.14-a0-2162-g062a2ce (webtiles) character file.

281 Jenx the Cudgeler (level 5, 0/32 HPs)
             Began as a Gargoyle Fighter on Jan 28, 2014.
             Slain by an ogre
             ... wielding a +0,+0 giant club
              (19 damage)
             ... on Level 4 of the Dungeon.
             The game lasted 00:06:55 (2697 turns).

Jenx the Cudgeler (Gargoyle Fighter)                Turns: 2697, Time: 00:06:55

HP   0/32        AC 18     Str 19      XL: 5   Next: 38%
MP   5/5         EV  4     Int  9      God:
Gold 125         SH 18     Dex 10      Spells:  0 memorised,  4 levels left

rFire  . . .     SeeInvis +     a - +1 orc flail (protect)
rCold  . . .     Clarity  .     y - +0 orc chain mail
rNeg   + . .     Conserve .     c - +0 shield
rPois  +         rCorr    .     B - +0 hat
rElec  +         rRot     +     (no cloak)
SustAb + .       Spirit   .     (no gloves)
rMut   .         Warding  .     (no boots)
Saprov . . .     Stasis   .     (no amulet)
MR     .....                    s - ring of see invisible {unknown}
                                q - ring of sustain abilities {unknown}

@: not resistant to hostile enchantments, extremely unstealthy
A: life protection 1, electricity resistance, unbreathing, petrification
resistance, AC +4
a: no special abilities


You were on level 4 of the Dungeon.
You were not hungry.

You visited 1 branch of the dungeon, and saw 4 of its levels.

You collected 125 gold pieces.

Inventory:

Hand weapons
 a - a +1,+1 orcish flail of protection (weapon)
 b - a +0 blowgun
Missiles
 w - 3 tomahawks (quivered)
 x - 14 poisoned needles
Armour
 c - a +0 shield (worn)
 y - a +0 orcish chain mail (worn)
 B - a +0 hat (worn)
Comestibles
 d - a bread ration
 f - 4 meat rations
 g - a choko
 o - a chunk of hobgoblin flesh
 t - a rotting chunk of bat flesh
 u - a rotting chunk of goblin flesh
 z - a rotting chunk of bat flesh
Scrolls
 e - 3 scrolls of amnesia
 h - a scroll of remove curse
 i - a scroll of enchant weapon I {unknown}
 n - a scroll of teleportation {unknown}
 p - 2 scrolls of immolation
 C - a scroll of identify {unknown}
Jewellery
 q - a ring of sustain abilities (left hand) {unknown}
 s - a ring of see invisible (right hand) {unknown}
 A - an uncursed ring of ice {unknown}
Potions
 j - a potion of degeneration {unknown}
 k - a potion of agility {unknown}
 l - 2 potions of heal wounds {unknown}
 m - 3 potions of curing {unknown}
 r - 2 potions of confusion {unknown}
 v - a potion of restore abilities {unknown}
 D - a potion of mutation {unknown}
 F - 2 potions of brilliance {unknown}


   Skills:
 - Level 3.2 Fighting
 * Level 5.9 Maces & Flails
 - Level 3.2 Armour
 - Level 3.2 Shields


You had 4 spell levels left.
You didn't know any spells.

Dungeon Overview and Level Annotations

Branches:
Dungeon (4/16)
 Temple: D:4-7

Altars:
Nemelex Xobeh


Innate Abilities, Weirdness & Mutations

You are resistant to torment.
You are immune to poison.
Your stone body is very resilient (AC +4).
You resist negative energy.
You are resistant to electric shocks.
You can survive without breathing.
You are immune to petrification.


Message History

Found a fuming brown potion and a metal-bound book.
Found a stone staircase leading up.
There is a stone staircase leading up here.
An ogre comes into view. It is wielding a giant club.
Found a meat ration.
The ogre barely misses you.
You sock the ogre!
The ogre is moderately wounded.
The ogre hits you with a giant club!
You hit the ogre.
The ogre is heavily wounded.
You block the ogre's attack.
You sock the ogre!
The ogre is almost dead.
You block the ogre's attack.
You barely miss the ogre.
The ogre is almost dead.
The ogre hits you with a giant club!
Ouch! That really hurt!
You die...

... #...# #...#
#...# #..:#
###...###
.......
#######O..#####
...%....@.....#
#####.........#
###.<.......#
#...<.......#
#.#........!# #
#.........#
#####.##### .#
..


You could see an ogre.

Vanquished Creatures
  5 adders
  2 giant mites
  2 worms (D:2)
  An inept feature mimic (D:2)
  A giant gecko (D:2)
  11 orcs (D:3)
  A ball python (D:1)
  A giant cockroach (D:2)
  7 goblins
  7 hobgoblins
  5 jackals
  7 kobolds
  2 quokkas (D:3)
  8 bats
  3 giant newts
  5 rats
68 creatures vanquished.

Notes
Turn   | Place    | Note
--------------------------------------------------------------
     0 | D:1      | Jenx, the Gargoyle Fighter, began the quest for the Orb.
     0 | D:1      | Reached XP level 1. HP: 14/14 MP: 1/1
   383 | D:1      | Reached XP level 2. HP: 14/19 MP: 2/2
   941 | D:2      | Found a sparkling altar of Nemelex Xobeh.
  1030 | D:2      | Reached XP level 3. HP: 20/23 MP: 3/3
  1083 | D:2      | Reached skill level 4 in Maces & Flails
  1409 | D:2      | Reached XP level 4. HP: 24/28 MP: 4/4
  1814 | D:3      | Reached skill level 5 in Maces & Flails
  2153 | D:3      | Reached XP level 5. HP: 30/32 MP: 5/5
  2691 | D:4      | Noticed an ogre
  2697 | D:4      | Slain by an ogre

Action                   |  1- 3 |  4- 6 || total
-------------------------+-------+-------++-------
Melee: Mace              |   116 |    73 ||   189
       Flail             |       |    80 ||    80
 Fire: Blowgun           |       |     1 ||     1
  Use: Scroll            |       |     4 ||     4
